[Event "*** Titled Tuesday Blitz"]
[Site "Chess.com"]
[Date "2021.02.02"]
[Round "9"]
[White "swisspower96"]
[Black "ElGasanov"]
[Result "1-0"]
[WhiteElo "2683"]
[BlackElo "2826"]
[TimeControl "180+1"]
[EndTime "11:46:18 PST"]
[Termination "swisspower96 won on time"]

1. d4 e6 2. c4 Bb4+ 3. Nd2 d5 4. e3 Nf6 5. Nf3 O-O 6. a3 Be7 7. b3 b6 8. Bb2 c5 9. cxd5 exd5 10. Qc2 Ba6 11.
Bxa6 Nxa6 12. O-O Rc8 13. dxc5 bxc5 14. Rfd1 Qb6 15. Rab1 Rfd8 16. Re1 Nc7 17. e4 Ne6 18. exd5 Rxd5 19. Nc4 Qb7 20. Ne3 Nd4 21. Qd1 Rdd8 22. Nxd4 cxd4 23. Nf5 Bf8 24. Qd3 Rd5 25. Nxd4 Qd7 26.
Rbd1 Rd8 27. b4 a5 28. Qb3 axb4 29. axb4 h5 30. h3 Qb7 31. b5 Bc5 32. Nf3 Qb6 33. Bxf6 Rxd1 34. Rxd1 Rxd1+ 35. Qxd1 Qxf6 36. Qe2 Qb6 37. g3 g6 38. Kg2 Kf8 39. Ne5 1-0

[Event "*** Titled Tuesday Blitz"]
[Site "Chess.com"]
[Date "2021.02.02"]
[Round "9"]
[White "TigrVShlyape"]
[Black "GelmanAlexander"]
[Result "1-0"]
[WhiteElo "2833"]
[BlackElo "2582"]
[TimeControl "180+1"]
[EndTime "11:46:20 PST"]
[Termination "TigrVShlyape won by resignation"]

1. e4 c5 2. Nc3 e6 3. Nf3 a6 4. d4 cxd4 5. Nxd4 d6 6. Qd3 Nf6 7.
Qg3 b5 8. a3 Bb7 9. Bd3 Nbd7 10. O-O Rc8 11. Bd2 h5 12. Bg5 Be7 13. h4 Qb6 14.
Nb3 Ne5 15. Kh1 Nfg4 16. Bxe7 Kxe7 17. Rae1 g5 18. f3 gxh4 19. Qxh4+ f6 20. Nd1 Rcg8 21.
Re2 Ng6 22. Qg3 h4 23. Qxg4 h3 24. g3 e5 25. Ne3 Nf4 26. gxf4 Rxg4 27. fxg4 h2 28.
fxe5 dxe5 29. Nd2 Rh3 30. Rf3 Rxf3 31. Nxf3 b4 32. axb4 Qxb4 33. b3 Qc3 34. Kxh2 Qa1 35. Kg3 Qh1 36. Rh2 Qc1 37. Rh7+ Kf8 38. Kf2 Bc6 39.
Rh6 Kg7 40. g5 fxg5 41. Rxc6 g4 42. Nxg4 Kf7 43. Ngxe5+ 1-0

[Event "*** Titled Tuesday Blitz"]
[Site "Chess.com"]
[Date "2021.02.02"]
[Round "9"]
[White "dukicz123"]
[Black "Leo_C"]
[Result "1-0"]
[WhiteElo "2582"]
[BlackElo "2395"]
[TimeControl "180+1"]
[EndTime "11:46:20 PST"]
[Termination "dukicz123 won on time"]

1. e4 c6 2. d4 d5 3. Nd2 dxe4 4. Nxe4 Bf5 5. Ng3 Bg6 6. h4 h6 7. Nf3 e6 8. Ne5 Bh7 9. Bd3 Bxd3 10. Qxd3 Nd7 11. f4 Ngf6 12. Bd2 Be7 13. O-O-O O-O 14. Nf1 c5 15. g4 cxd4 16. g5 Nxe5 17. fxe5 Ng4 18. Qg3 h5 19. Nh2 Nxh2 20. Rxh2 g6 21. Rf2 Qd5 22. Kb1 Rac8 23. Bc1 Rc5 24. Re2 Rfc8 25. Qd3 Rc4 26. b3 Rb4 27. a3 Rb5 28.
Qxd4 Rxb3+ 29. cxb3 Qxb3+ 30. Rb2 Qf3 31. Rxb7 Bxa3 32.
Qd7 Qe4+ 33. Ka2 Qc2+ 34. Bb2 Qc4+ 35. Kxa3 Qc5+ 36. Ka2 Qc4+ 37. Ka1 Qa4+ 38. Kb1 1-0

[Event "*** Titled Tuesday Blitz"]
[Site "Chess.com"]
[Date "2021.02.02"]
[Round "9"]
[White "kai_nov"]
[Black "ohajek96"]
[Result "1-0"]
[WhiteElo "2389"]
[BlackElo "2251"]
[TimeControl "180+1"]
[EndTime "11:46:20 PST"]
[Termination "kai_nov won on time"]

1. d4 d5 2. c4 c6 3. Nf3 Nf6 4. e3 Bf5 5. Nc3 a6 6. Qb3 Qd7 7. Ne5 Qc8 8. cxd5 cxd5 9. e4 Nxe4 10. Nxd5 e6 11. Nb6 Qc7 12. f3 Nc5 13. Nxa8 Qxe5+ 14.
dxe5 Nxb3 15. axb3 Bc5 16. b4 Bd4 17. b5 Kd7 18. g4 Bg6 19. bxa6 bxa6 20. Bxa6 Nxa6 21.
Rxa6 Rc8 22. Bd2 Bd3 23. Nb6+ Kc7 24. Nxc8 Bxa6 25. Nd6 Bxe5 26. Nxf7 Bf6 27. Ng5 h6 28. Nxe6+ Kd6 29. Nf4 Bxb2 30. Kf2 Bd4+ 31. Be3 Be5 32. Rd1+ Ke7 33. Nd3 Bd6 34. Bc5 g5 35. Bxd6+ Kxd6 36. Nb4+ Kc5 37. Nxa6+ 1-0

[Event "*** Titled Tuesday Blitz"]
[Site "Chess.com"]
[Date "2021.02.02"]
[Round "9"]
[White "SantoBlue"]
[Black "juancruzarias"]
[Result "0-1"]
[WhiteElo "2813"]
[BlackElo "2624"]
[TimeControl "180+1"]
[EndTime "11:46:21 PST"]
[Termination "juancruzarias won by resignation"]

1. d4 e6 2. c4 f5 3. Nc3 Nf6 4. g3 d5 5. Bg2 c6 6. Nf3 Bd6 7.
O-O O-O 8. b3 Nbd7 9. a4 Qe7 10.
Bb2 Ne4 11. Qc1 a5 12. e3 b6 13.
Ne2 Ba6 14. Nf4 Rac8 15. Ba3 c5 16. cxd5 Bxf4 17. exf4 Bxf1 18. Qxf1 exd5 19. Re1 Qd6 20. Qd3 Rfe8 21. dxc5 bxc5 22. Rd1 d4 23. h4 h6 24. h5 Qd5 25. Nd2 Ndf6 26. Nc4 Nxh5 27. Nb6 Qc6 28. Nxc8 Qxc8 29. Qb5 Nhf6 30. Qxa5 Nc3 31.
Rf1 Nfe4 32. Bf3 Nd2 33. Bh5 Nxf1 34. Bxe8 Qxe8 35. Qxc5 Nd2 36. Kg2 Qe4+ 37. Kh2 Nf3+ 38. Kh3 Ng5+ 39. Kh2 Nf3+ 40. Kh3 Nd5 41. a5 Ne1 42. f3 Nxf3 43. Qc1 d3 44. a6 d2 45.
Qd1 Ne3 0-1

[Event "*** Titled Tuesday Blitz"]
[Site "Chess.com"]
[Date "2021.02.02"]
[Round "9"]
[White "eldur16"]
[Black "kasparicy"]
[Result "1-0"]
[WhiteElo "2525"]
[BlackElo "2352"]
[TimeControl "180+1"]
[EndTime "11:46:21 PST"]
[Termination "eldur16 won by resignation"]

1. Nf3 Nf6 2. g3 g6 3. b4 Bg7 4. Bb2 d5 5. Bg2 O-O 6. O-O c6 7.
d3 a5 8. a3 axb4 9. axb4 Na6 10.
Nbd2 Bg4 11. c3 Qc8 12. Re1 Bh3 13. Bh1 Qc7 14. e4 e5 15. exd5 Nxd5 16. Qb3 Be6 17. Ng5 Bf5 18. Nge4 Rad8 19. Nc4 Nb6 20. Nxb6 Qxb6 21.
Rad1 Rfe8 22. Bg2 c5 23. b5 Nc7 24. c4 Ne6 25. Bc3 Nd4 26. Qb2 Ra8 27. Ra1 h6 28. h3 Qc7 29. Rxa8 Rxa8 30. Kh2 Ra4 31. Ra1 Rxa1 32. Qxa1 b6 33. Qa6 Kh7 34. Qa8 Ne2 35. Bb2 Nd4 36. Bxd4 exd4 37. Qc6 Be5 38. f4 Qxc6 39.
bxc6 Bc7 40. Nf6+ Kg7 41. Ne8+ Kf8 42. Nxc7 Ke7 43. Nd5+ Kd6 44. c7 1-0

[Event "*** Titled Tuesday Blitz"]
[Site "Chess.com"]
[Date "2021.02.02"]
[Round "9"]
[White "K_A_S_T_O_R"]
[Black "TST2014"]
[Result "1-0"]
[WhiteElo "2734"]
[BlackElo "2550"]
[TimeControl "180+1"]
[EndTime "11:46:22 PST"]
[Termination "K_A_S_T_O_R won by resignation"]

1. e4 c5 2. Nf3 Nc6 3. Bb5 g6 4. c3 Nf6 5. Qe2 Bg7 6. O-O O-O 7. Rd1 a6 8. Bxc6 dxc6 9. h3 e5 10. Nxe5 Re8 11. d4 cxd4 12. cxd4 c5 13. dxc5 Qc7 14. Nc4 Nxe4 15. Nb6 Rb8 16. Be3 Bf5 17. Nd5 Qe5 18. Nbc3 Nxc3 19. Nxc3 h5 20. Qf3 Be4 21. Nxe4 Qxe4 22.
Qxe4 Rxe4 23. Rab1 Rb4 24. b3 Bf8 25. Rbc1 Re4 26.
Rd7 Re7 27. Rcd1 Rxe3 28. fxe3 Bxc5 29. Rd8+ Rxd8 30. Rxd8+ Kg7 31. Kf2 a5 32. Rd7 b6 33.
Kf3 Kf6 34. Ke4 Ke6 35. Rd8 f5+ 36. Kd3 g5 37. Rh8 h4 38. Rh6+ Ke5 39. Rg6 g4 40.
hxg4 fxg4 41. Rg5+ Kf6 42. Rxg4 h3 43. gxh3 Kf5 44. e4+ Ke5 45. Rg5+ Kf4 46. Rxc5 bxc5 47. h4 a4 48. bxa4 c4+ 49. Kxc4 Kxe4 50. h5 Kf5 51. a5 Kg5 52. a6 Kxh5 53. a7 Kg6 54. a8=Q Kf5 55.
Qd5+ Kf4 56. a4 Ke3 57. a5 Ke2 58. a6 Ke1 59. a7 Kf2 60. a8=Q Kg3 61. Qac6 Kh4 62.
Qg6 1-0

[Event "*** Titled Tuesday Blitz"]
[Site "Chess.com"]
[Date "2021.02.02"]
[Round "9"]
[White "CzechmVIII"]
[Black "rynos0411"]
[Result "0-1"]
[WhiteElo "2270"]
[BlackElo "2396"]
[TimeControl "180+1"]
[EndTime "11:46:23 PST"]
[Termination "rynos0411 won on time"]

1. e4 c5 2. Nf3 d6 3. d4 cxd4 4.
Nxd4 Nf6 5. Nc3 a6 6. Bg5 e6 7. f4 Nbd7 8. Qf3 Qc7 9. g4 Be7 10. O-O-O b5 11. Bxf6 Bxf6 12. g5 Be7 13. a3 Bb7 14.
Bh3 Rc8 15. Bxe6 fxe6 16. Nxe6 Qc4 17. Nxg7+ Kd8 18. Nf5 Rf8 19. Nxd6 Bxd6 20. Rxd6 Ke7 21. Rhd1 Rc7 22. Qh3 Nc5 23. Qxh7+ Qf7 24. Qh4 Qxf4+ 25.
Qxf4 Rxf4 26. Rh6 Nxe4 27. Nd5+ Bxd5 28. Rxd5 Rf1+ 29. Rd1 Rxd1+ 30. Kxd1 Nxg5 31. Rg6 Nf7 32. h4 Rc5 33. Rg4 a5 34. Re4+ Kd6 35. b4 axb4 36.
axb4 Rh5 37. Rg4 Ne5 38. Rf4 Nc4 39. Rd4+ Kc6 40. Rg4 Ne3+ 41. Ke2 Nxg4 0-1

[Event "*** Titled Tuesday Blitz"]
[Site "Chess.com"]
[Date "2021.02.02"]
[Round "9"]
[White "Pantata007"]
[Black "HouseOfDurin"]
[Result "1-0"]
[WhiteElo "2239"]
[BlackElo "2104"]
[TimeControl "180+1"]
[EndTime "11:46:23 PST"]
[Termination "Pantata007 won by checkmate"]

1. d4 Nf6 2. c4 c5 3. d5 b5 4. cxb5 a6 5. bxa6 Bxa6 6. Nc3 d6 7. e4 Bxf1 8. Kxf1 Nbd7 9. g3 g6 10. Kg2 Bg7 11. Nf3 O-O 12. a4 Qa5 13. Bd2 Qb4 14. Qe2 Rfb8 15. b3 Ng4 16. Nb5 Qxb3 17.
Rhb1 Qc2 18. Ne1 Qxb1 19. Rxb1 Rxa4 20. Qxg4 f5 21. Qd1 Rxe4 22. Nf3 Ne5 23. Nxe5 Bxe5 24.
Nc3 Reb4 25. Rxb4 cxb4 26. Qb3 Kf7 27. Ne2 Rb5 28. Bxb4 g5 29. Qc4 Rb8 30. h4 h6 31.
hxg5 hxg5 32. Nd4 f4 33. Nc6 f3+ 34. Kxf3 Rf8 35. Nxe5+ dxe5 36. Kg2 Kg7 37. Bxe7 Rf7 38. Bxg5 Rf5 39. Qg4 Kg6 40. Be3+ Kh7 41. Qxf5+ Kg7 42. d6 e4 43. Bd4+ Kh6 44. Qf6+ Kh5 45. Kh3 e3 46.
g4# 1-0

[Event "*** Titled Tuesday Blitz"]
[Site "Chess.com"]
[Date "2021.02.02"]
[Round "9"]
[White "NiranjanNavalgund"]
[Black "GregShahade"]
[Result "1/2-1/2"]
[WhiteElo "2531"]
[BlackElo "2660"]
[TimeControl "180+1"]
[EndTime "11:46:24 PST"]
[Termination "Game drawn by repetition"]

1. d4 Nf6 2. c4 g6 3. Nc3 d5 4.
cxd5 Nxd5 5. e4 Nxc3 6. bxc3 Bg7 7. Bc4 c5 8. Ne2 Nc6 9. Be3 O-O 10. O-O e6 11. dxc5 Qa5 12. Nd4 Qxc3 13. Rc1 Qa5 14. Nb5 Ne5 15. Be2 Bd7 16. Nd6 Ba4 17. Qe1 Qc7 18.
f4 Nd7 19. Nb5 Qc6 20. Qb4 Bxb5 21. Bxb5 Qc7 22. c6 bxc6 23. Bxc6 Rad8 24. Rfd1 Nb6 25. Rxd8 Rxd8 26. a4 Bf8 27. Qb5 Qd6 28. a5 Nc8 29. e5 Qa3 30. Kf2 Ne7 31. Bf3 Nf5 32. Qe2 Nxe3 33. Qxe3 Qxa5 34. Qc3 Qb6+ 35. Kf1 a5 36.
Be4 a4 37. Rb1 Qa6+ 38. Kg1 a3 39. h3 Qa7+ 40. Kh2 Qf2 41. Bf3 h5 42. Rb7 h4 43.
Qc7 Qg3+ 44. Kh1 Qe1+ 45. Kh2 Qg3+ 46. Kh1 Qe1+ 47. Kh2 Qg3+ 1/2-1/2

[Event "*** Titled Tuesday Blitz"]
[Site "Chess.com"]
[Date "2021.02.02"]
[Round "9"]
[White "lucachess49"]
[Black "LisikValera"]
[Result "0-1"]
[WhiteElo "2338"]
[BlackElo "2485"]
[TimeControl "180+1"]
[EndTime "11:46:24 PST"]
[Termination "LisikValera won on time"]

1. d4 d5 2. c4 c6 3. Nc3 Nf6 4. e3 e6 5. Nf3 Nbd7 6. Qc2 Bd6 7.
Bd3 O-O 8. O-O dxc4 9. Bxc4 b5 10. Bd3 a6 11. Rd1 Qc7 12. h3 c5 13. Ne4 cxd4 14.
Nxd6 Qxd6 15. Nxd4 Qc5 16. Bd2 Bb7 17. Rac1 Qxc2 18.
Rxc2 Rfc8 19. Bb4 Ne5 20. Be2 h6 21. Rxc8+ Rxc8 22. b3 Nd5 23. Bd6 Nc6 24. Bf3 Nxd4 25. Rxd4 Rc2 26. a4 Rb2 27. axb5 axb5 28. b4 f5 29. e4 fxe4 30. Bxe4 Kf7 31. Bf3 g5 32. h4 Kf6 33. hxg5+ hxg5 34. Bc5 Rc2 35. Be4 Rc4 36. Rxc4 bxc4 37. Kf1 Ba6 38. Ke1 Ke5 39. Bf3 c3 40. Kd1 Bd3 41. Kc1 Nc7 42. Bf8 Kf6 0-1

[Event "*** Titled Tuesday Blitz"]
[Site "Chess.com"]
[Date "2021.02.02"]
[Round "9"]
[White "WilliamSchill"]
[Black "MuhittinBuker"]
[Result "1-0"]
[WhiteElo "1980"]
[BlackElo "2118"]
[TimeControl "180+1"]
[EndTime "11:46:24 PST"]
[Termination "WilliamSchill won by resignation"]

1. e4 e5 2. Nf3 Nc6 3. Nc3 Nf6 4. Be2 Bb4 5. Nd5 Bc5 6. d3 h6 7. O-O d6 8. Be3 Bb6 9. Nxb6 axb6 10. h3 Be6 11. a3 Qd7 12. c3 Bxh3 13. gxh3 Qxh3 14. Nh2 h5 15. f3 g5 16. Rf2 Qh4 17. Rg2 Rg8 18.
Qe1 Qxe1+ 19. Rxe1 Nh7 20. Kf2 f6 21. f4 g4 22. f5 Kd7 23. Rh1 Ng5 24. Bxg5 Rxg5 25.
Nf1 d5 26. Rgh2 Rh8 27. Ng3 dxe4 28. dxe4 Nd8 29. Rxh5 Rhxh5 30. Rxh5 Rg7 31. Rh4 Nf7 32. Bxg4 Ng5 33. Bf3 b5 34. Rh8 Ke7 35. Nh5 Rf7 36.
Rc8 Kd7 37. Rg8 b6 38. Rg7 Rxg7 39. Nxg7 c5 40. Ne6 Kd6 41. Nxg5 fxg5 42. b3 Ke7 43. Kg3 Kf6 44. Kg4 1-0

[Event "*** Titled Tuesday Blitz"]
[Site "Chess.com"]
[Date "2021.02.02"]
[Round "9"]
[White "leoduarte"]
[Black "Firstov"]
[Result "1-0"]
[WhiteElo "2376"]
[BlackElo "2461"]
[TimeControl "180+1"]
[EndTime "11:46:25 PST"]
[Termination "leoduarte won by checkmate"]

1. e4 b6 2. d4 Bb7 3. Nc3 e6 4. Bd3 Bb4 5. Ne2 Ne7 6. O-O d5 7. e5 Bxc3 8. bxc3 Ba6 9. a4 Bxd3 10. cxd3 Nbc6 11. Ba3 Nf5 12. Ng3 Qd7 13. Qg4 g6 14. Nxf5 exf5 15. Qg5 Qe6 16. Rfe1 h6 17. Qd2 O-O-O 18.
a5 Nxa5 19. Qb2 Kb7 20. Reb1 Nc6 21. Qb5 a6 22. Qa4 Ra8 23. Bc5 Rhb8 24. c4 Kc8 25.
Qa2 dxc4 26. dxc4 Na5 27. d5 Qxe5 28. Bb4 Nb7 29. Re1 Qf6 30. Rab1 Nd6 31. Qb3 Kd7 32. Bc3 b5 33. Bxf6 bxc4 34. Qa4+ Rb5 35. Rxb5 Nxb5 36.
Qxc4 Rb8 37. Qc6+ Kc8 38. Re8# 1-0

[Event "*** Titled Tuesday Blitz"]
[Site "Chess.com"]
[Date "2021.02.02"]
[Round "9"]
[White "CheckThis4"]
[Black "LileKoridze"]
[Result "1-0"]
[WhiteElo "2563"]
[BlackElo "2374"]
[TimeControl "180+1"]
[EndTime "11:46:25 PST"]
[Termination "CheckThis4 won on time"]

1. d4 Nf6 2. Bg5 e6 3. e4 h6 4. Bxf6 Qxf6 5. c3 d5 6. Nd2 dxe4 7. Nxe4 Qd8 8. Nf3 Be7 9. Bd3 O-O 10. O-O Nd7 11. Qe2 c6 12. Rad1 Qc7 13. Rfe1 Nf6 14. Ne5 Nd5 15. Bb1 b6 16. Qd3 f5 17. Ng3 Bg5 18. Nh5 Bd7 19. Ng6 Rfe8 20. h4 Nf4 21. Nhxf4 Bxf4 22. a4 Bd6 23. Ba2 Kh7 24. Ne5 Bc8 25. g4 Rf8 26. Re3 Qe7 27. h5 Qg5 28. Rg3 Bb7 29. Rf1 Rad8 30. f4 Qf6 31. g5 Qe7 32.
Ng6 Qc7 33. Nxf8+ Rxf8 34. Bxe6 Bxf4 35. Bxf5+ Kh8 36. Rgf3 Bxg5 37. Bg6 Rxf3 38. Qxf3 Bf6 39. Re1 Be7 40. Qe3 Qd6 41. Re2 1-0

[Event "*** Titled Tuesday Blitz"]
[Site "Chess.com"]
[Date "2021.02.02"]
[Round "9"]
[White "QuintilianoR"]
[Black "RD4ever"]
[Result "1-0"]
[WhiteElo "2720"]
[BlackElo "2835"]
[TimeControl "180+1"]
[EndTime "11:46:26 PST"]
[Termination "QuintilianoR won on time"]

1. Nf3 d5 2. d4 Nf6 3. c4 e6 4.
Nc3 dxc4 5. e3 a6 6. Bxc4 b5 7. Bb3 Bb7 8. O-O Nbd7 9. Re1 c5 10. e4 cxd4 11. Nxd4 Bc5 12. Be3 Qb6 13. a4 O-O 14.
axb5 axb5 15. Rxa8 Rxa8 16. Ndxb5 Bxe3 17. Rxe3 Nc5 18. Bc2 Rd8 19. Qe2 Ba6 20. b4 Nb7 21. Bd3 Rc8 22. g3 Nd7 23. e5 g6 24. Na4 Qc6 25. Na7 Qc1+ 26. Kg2 Bxd3 27. Qxd3 Rc7 28. Nb5 Qc6+ 29. Kh3 Rc8 30. Na7 Qxa4 31. Nxc8 Kg7 32. Nd6 Nd8 33. Ne8+ Kf8 34. Nf6 Ke7 35. Nxd7 Qxd7 36.
Qxd7+ Kxd7 37. Rd3+ Kc7 38. Kg4 Nc6 39. Rc3 h6 40. b5 1-0

[Event "*** Titled Tuesday Blitz"]
[Site "Chess.com"]
[Date "2021.02.02"]
[Round "9"]
[White "Supernotar"]
[Black "Meri-Arabidze"]
[Result "1-0"]
[WhiteElo "2785"]
[BlackElo "2617"]
[TimeControl "180+1"]
[EndTime "11:46:27 PST"]
[Termination "Supernotar won by checkmate"]

1. d4 d5 2. c4 e6 3. Nf3 Nf6 4. e3 c5 5. dxc5 Bxc5 6. a3 O-O 7. b4 Bd6 8. Bb2 Nc6 9. Nbd2 Qe7 10. Be2 Rd8 11. O-O Bc7 12. Qb3 e5 13. cxd5 Nxd5 14.
Rfd1 e4 15. Nd4 Nxd4 16. Bxd4 Be6 17. Qb2 f5 18. Rac1 f4 19. Nxe4 fxe3 20. fxe3 Bf5 21. Ng3 Bxg3 22. hxg3 Be4 23. Rf1 b6 24. Bf3 Rd7 25.
Bxe4 Qxe4 26. Rf3 Re8 27. Rcf1 h6 28. Qf2 Qe7 29. Qa2 Qe4 30. Qc4 Qe6 31. Kh2 Kh7 32. Qc2+ Kg8 33. Qf2 Qe7 34. Qa2 Qe6 35. Rf5 Kh7 36.
Re5 Qxe5 37. Bxe5 Rxe5 38. Qc2+ g6 39. Qc6 Rde7 40. Rf8 Nxe3 41. Qc8 Rh5+ 42. Kg1 Nf5 43. Rh8+ Kg7 44. Qf8# 1-0

[Event "*** Titled Tuesday Blitz"]
[Site "Chess.com"]
[Date "2021.02.02"]
[Round "9"]
[White "GameOverBro"]
[Black "ClauSanLuis"]
[Result "0-1"]
[WhiteElo "2425"]
[BlackElo "2337"]
[TimeControl "180+1"]
[EndTime "11:46:27 PST"]
[Termination "ClauSanLuis won by resignation"]

1. e4 c5 2. Ne2 Nc6 3. Nbc3 e5 4.
Ng3 d6 5. Bc4 g6 6. d3 Bg7 7. f4 exf4 8. Bxf4 Ne5 9. Bb5+ Bd7 10. Bxd7+ Qxd7 11. O-O Ne7 12. Bg5 O-O 13. Qd2 f6 14. Be3 b6 15. h3 d5 16. exd5 Nxd5 17. Nxd5 Qxd5 18. Ne4 Nc4 19. dxc4 Qxe4 20. Qd5+ Qxd5 21.
cxd5 Rfe8 22. Bf4 Re2 23. Rf2 Rae8 24. Bc7 f5 25. c3 Kf7 26. Kf1 R2e4 27. Rd1 Ke7 28.
d6+ Kd7 29. g4 f4 30. g5 Be5 31.
h4 Rf8 32. Kg2 f3+ 33. Kg1 Rg4+ 34. Kf1 Rxh4 35. Kg1 Rg4+ 36. Kf1 Rxg5 37. Re1 Rgf5 38. Re4 g5 39. a4 h5 40. b4 g4 41. bxc5 bxc5 42.
Rb2 Bxd6 43. Bxd6 Kxd6 44. Rd2+ Rd5 45. Rxd5+ Kxd5 46. Re7 g3 47. Rf7 Rxf7 0-1

[Event "*** Titled Tuesday Blitz"]
[Site "Chess.com"]
[Date "2021.02.02"]
[Round "9"]
[White "jacky72"]
[Black "KononenkoD"]
[Result "1-0"]
[WhiteElo "2683"]
[BlackElo "2529"]
[TimeControl "180+1"]
[EndTime "11:46:28 PST"]
[Termination "jacky72 won on time"]

1. d4 Nf6 2. c4 c5 3. d5 b5 4.
Qc2 g6 5. e4 d6 6. cxb5 a6 7. a4 Bg7 8. Ra3 O-O 9. Nc3 e6 10.
dxe6 fxe6 11. Nf3 Bb7 12. Be2 d5 13. exd5 exd5 14. O-O d4 15. Nb1 Nbd7 16. bxa6 Be4 17. Qc4+ Kh8 18. Nbd2 Bd5 19. Qc2 Ng4 20. h3 Nge5 21.
Nxe5 Nxe5 22. Nc4 Rc8 23. Nxe5 Bxe5 24. Bh6 Rf7 25. f4 Bb8 26. Bc4 Ba7 27. Bg5 Qd6 28.
Re1 Kg8 29. Rg3 Rcf8 30. b3 Rc8 31. Bxd5 Qxd5 32. Qc4 Qxc4 33. bxc4 Rf5 34. Re7 Rf7 35. Rxf7 Kxf7 36. Rb3 Rc7 37. Bd8 Rd7 38. Bb6 Bxb6 39. Rxb6 d3 40. Rb1 d2 41. Rd1 Ke6 42. Kf2 Ra7 43. Rxd2 Rxa6 44. Rd5 Rxa4 45. Rxc5 Ra2+ 46. Kf3 Ra3+ 47. Kg4 h5+ 48. Kh4 Ra2 49. g4 hxg4 50. hxg4 Kf6 51. Rc6+ Kf7 52. Kg5 Ra5+ 53. c5 Rb5 54.
Rc7+ Ke6 55. Kxg6 Rb4 56. f5+ Kd5 57. g5 1-0

[Event "*** Titled Tuesday Blitz"]
[Site "Chess.com"]
[Date "2021.02.02"]
[Round "9"]
[White "Vesper2018"]
[Black "Tenamu"]
[Result "0-1"]
[WhiteElo "2577"]
[BlackElo "2416"]
[TimeControl "180+1"]
[EndTime "11:46:28 PST"]
[Termination "Tenamu won on time"]

1. e4 e6 2. d4 d5 3. e5 c5 4. c3 Nc6 5. Nf3 Qb6 6. Be2 cxd4 7. cxd4 Nh6 8. b3 Nf5 9. Bb2 Bb4+ 10. Kf1 h5 11. Nc3 Bxc3 12. Bxc3 Bd7 13. Rc1 Rg8 14. h4 Rc8 15. Bb2 Nce7 16. g3 Rxc1 17. Qxc1 Bb5 18.
Bxb5+ Qxb5+ 19. Kg2 Kd7 20. Qd2 Rc8 21. Ng5 f6 22. exf6 gxf6 23. Nh7 Ng8 24. Re1 Qc6 25. Rc1 Qd6 26. Rxc8 Kxc8 27. Qe2 Ng7 28. Bc1 Qe7 29. Qf3 Qf7 30. Bf4 Nf5 31. Qc3+ Kd8 32. Nf8 Qxf8 33. Qc7+ Ke8 34. Qxb7 Qe7 35. Qb5+ Kf7 36. Qe2 Kg6 37. g4 Nxh4+ 38. Kh3 Qh7 39. Qc2+ f5 40. g5 Nf3 41. Qc8 Nxg5+ 42. Kh4 Nf3+ 43. Kg3 Nxd4 44. Be5 f4+ 45. Kxf4 Qf7+ 46. Ke3 Qf3+ 47. Kxd4 Qe4+ 48. Kc3 Qxe5+ 49. Kb4 Nf6 50. a4 d4 51. Qc1 d3 0-1

[Event "*** Titled Tuesday Blitz"]
[Site "Chess.com"]
[Date "2021.02.02"]
[Round "9"]
[White "Manukyan_Artak"]
[Black "MariaFominykh"]
[Result "0-1"]
[WhiteElo "2398"]
[BlackElo "2288"]
[TimeControl "180+1"]
[EndTime "11:46:28 PST"]
[Termination "MariaFominykh won by resignation"]

1. e4 d6 2. d4 Nf6 3. f3 e5 4. d5 Be7 5. c4 c6 6. Nc3 cxd5 7.
cxd5 a6 8. a4 O-O 9. a5 Nh5 10.
Be3 Bg5 11. Qd2 Bxe3 12. Qxe3 Nd7 13. Bd3 Nf4 14. Kf1 Nxd3 15. Qxd3 b6 16. b4 bxa5 17. Rxa5 Qb6 18. Na2 Nc5 19. Qe3 f5 20. exf5 Bxf5 21.
Ne2 Nd7 22. Qxb6 Nxb6 23. Nec3 Rfc8 24. Ke2 Nc4 25. Ra4 Bc2 26. Ra1 Bxa4 27. Nxa4 Rab8 28.
Kd3 Nb6 29. N4c3 Rc7 30. Nc1 Rbc8 31. N1e2 Ra8 32. Ng3 g6 33. Nge4 Nc4 34. b5 a5 35.
Na4 Rb8 36. Rb1 Nb6 37. Nac3 a4 38. Nxd6 Rd7 39. Nde4 Nxd5 40. Kc4 Rc8+ 41. Nc5 Nxc3 42. Kxc3 Rxc5+ 43. Kb4 Rc8 44. b6 Rb7 45. Ka5 Ra8+ 46. Kb5 Rxb6+ 47. Kxb6 Rb8+ 48. Ka5 Rxb1 49. Kxa4 Rb2 0-1

[Event "*** Titled Tuesday Blitz"]
[Site "Chess.com"]
[Date "2021.02.02"]
[Round "9"]
[White "rasmussvane"]
[Black "Sviridov_Valery"]
[Result "1-0"]
[WhiteElo "2890"]
[BlackElo "2937"]
[TimeControl "180+1"]
[EndTime "11:46:29 PST"]
[Termination "rasmussvane won by resignation"]

1. Nf3 Nf6 2. g3 d5 3. Bg2 c6 4.
O-O Bf5 5. c4 e6 6. Qb3 Qb6 7.
d3 Nbd7 8. cxd5 cxd5 9. Nc3 Qxb3 10. axb3 a6 11. Bf4 Be7 12. Nb5 O-O 13. Nd6 Bxd6 14. Bxd6 Rfc8 15. Nd4 Bg6 16. f4 Re8 17. Rac1 Rac8 18. h3 h5 19. Rc3 Nb6 20. Bc7 Nfd7 21. Rfc1 Ra8 22. g4 hxg4 23. hxg4 f6 24. f5 Bf7 25. fxe6 Bxe6 26. Bf3 Bf7 27. Kf2 g6 28. Bd6 Ne5 29. Rc7 Nc8 30. Bb4 Rb8 31. Bd2 Na7 32. g5 Nac6 33. Nxc6 bxc6 34. b4 fxg5 35. Ra1 g4 36. Bg2 Rb6 37. Ra4 d4 38. Bf4 Bd5 39.
Bxd5+ cxd5 40. b5 axb5 41. Raa7 Rd6 42. Bxe5 1-0

[Event "*** Titled Tuesday Blitz"]
[Site "Chess.com"]
[Date "2021.02.02"]
[Round "9"]
[White "woodhy"]
[Black "lamomiablanca"]
[Result "1-0"]
[WhiteElo "2453"]
[BlackElo "2282"]
[TimeControl "180+1"]
[EndTime "11:46:30 PST"]
[Termination "woodhy won by resignation"]

1. e4 c5 2. Nf3 Nc6 3. d4 cxd4 4. Nxd4 g6 5. c4 Nf6 6. Nc3 d6 7. Be3 Ng4 8. Nxc6 bxc6 9. Bg5 Qb6 10. Qd2 Bg7 11. Bh4 Be6 12. h3 Ne5 13. b3 Qa5 14. Rc1 Nd7 15. Be2 Nf6 16. O-O O-O 17. Kh1 Rfe8 18.
f4 Rad8 19. Bd3 Bc8 20. f5 Nd7 21. fxg6 hxg6 22. Bb1 Qh5 23. Qf2 Ne5 24. Bg3 Be6 25. Ne2 Ng4 26. Qxa7 Be5 27. Bxe5 dxe5 28. Kg1 Rd2 29.
Rce1 Nf6 30. Qe3 Red8 31. Ng3 Qh4 32. Rf2 Rxf2 33. Qxf2 Rd4 34. a4 Nh5 35. Nxh5 Qxh5 36. a5 Qh8 37. Qg3 Qg7 38. a6 Rd8 39. Qc3 f6 40. Bd3 Qf8 41. Ra1 Ra8 42. b4 Qc8 43. c5 Kf7 44. Bc4 Ra7 45. Kh2 Bxc4 46. Qxc4+ Qe6 47. Qd3 Qc8 48. b5 cxb5 49. Qxb5 Qc7 50.
Qb6 f5 51. Qxc7 Rxc7 52. a7 1-0

[Event "*** Titled Tuesday Blitz"]
[Site "Chess.com"]
[Date "2021.02.02"]
[Round "9"]
[White "OK97"]
[Black "Oligan22"]
[Result "1-0"]
[WhiteElo "2770"]
[BlackElo "2507"]
[TimeControl "180+1"]
[EndTime "11:46:31 PST"]
[Termination "OK97 won by checkmate"]

1. d4 d5 2. c4 dxc4 3. Nf3 a6 4. e3 Bg4 5. Bxc4 e6 6. Nc3 Nc6 7. O-O Nf6 8. h3 Bh5 9. Be2 Bd6 10. Nd2 Bxe2 11.
Qxe2 O-O 12. Nc4 b5 13. Nxd6 cxd6 14. Rd1 d5 15. Bd2 Rc8 16. Rac1 Qb6 17. Be1 Ne7 18. f3 Nf5 19. Bf2 Rfd8 20. Rc2 Rc6 21. Rdc1 Rdc8 22. a3 Qc7 23. e4 Ne7 24. Bh4 Qb6 25. Bxf6 gxf6 26.
Qf2 Qc7 27. Re2 a5 28. Rce1 Qd7 29. Qg3+ Kf8 30. Qh4 dxe4 31. Nxe4 Qxd4+ 32. Kh1 f5 33. Rd2 Qg7 34. Nf6 Ng6 35. Nxh7+ Kg8 36. Nf6+ Kf8 37. Nd7+ Kg8 38. Qg5 R6c7 39. Nf6+ Kf8 40. Red1 e5 41. Rd8+ Rxd8 42. Rxd8+ Ke7 43. Nd5+ Ke6 44. Nxc7# 1-0

[Event "*** Titled Tuesday Blitz"]
[Site "Chess.com"]
[Date "2021.02.02"]
[Round "9"]
[White "Cambek64"]
[Black "erdni1993"]
[Result "1-0"]
[WhiteElo "2315"]
[BlackElo "2447"]
[TimeControl "180+1"]
[EndTime "11:46:31 PST"]
[Termination "Cambek64 won by resignation"]

1. e4 c5 2. Nc3 e6 3. d3 b6 4. f4 Bb7 5. Nf3 d5 6. g3 dxe4 7. Nxe4 Nf6 8. Nxf6+ gxf6 9. Bg2 Nd7 10. O-O Qc7 11.
a4 Bc6 12. a5 b5 13. Be3 a6 14. d4 c4 15. f5 Qb7 16. fxe6 fxe6 17. Nh4 Bxg2 18. Qh5+ Kd8 19. Nxg2 Bd6 20. Bf4 Qc6 21. Rae1 Re8 22. Bxd6 Qxd6 23. c3 Kc7 24. Nf4 e5 25.
dxe5 Rxe5 26. Qxh7 Rae8 27. Rd1 Qc5+ 28. Kh1 Qc6+ 29.
Kg1 R8e7 30. Qh3 Qc5+ 31. Kh1 Qc6+ 32. Qg2 Qxg2+ 33. Kxg2 Kc6 34. h4 Re3 35. Rf3 Rxf3 36. Kxf3 Ne5+ 37. Kg2 Ng4 38. Rd8 Ne3+ 39. Kf3 Nf5 40. Rb8 Re3+ 41. Kg4 Nh6+ 42. Kh5 Nf5 43. g4 Ne7 44. Rb6+ Kd7 45. Rxf6 Nc6 46. g5 Ne5 47. Rxa6 Rg3 48. Rf6 Nf3 49. Ne2 Rh3 50. Kg4 1-0